 Dungeon Crawl Stone Soup version 0.22-a0-362-g535178c (webtiles) character file.

2725 grindst0ne the Fighter (level 9, -2/75 HPs)
             Began as a Mummy Gladiator on Apr 19, 2018.
             Was an Initiate of Gozag.
             Slain by a warg (6 damage)
             ... on level 7 of the Dungeon.
             The game lasted 00:13:31 (8309 turns).

grindst0ne the Fighter (Mummy Gladiator)            Turns: 8309, Time: 00:13:32

Health: -2/75      AC: 12    Str: 26    XL:     9   Next: 40%
Magic:  11/11      EV:  7    Int:  7    God:    Gozag
Gold:   592        SH:  0    Dex: 13    Spells: 8/8 levels left

rFire    . . .     SeeInvis +   a - +0 quarterstaff
rCold    + + .     Gourm    .   (shield currently unavailable)
rNeg     + + +     Faith    .   x - +0 plate armour
rPois    ∞         Spirit   .   c - +0 helmet
rElec    +         Reflect  .   (no cloak)
rCorr    +         Harm     .   z - +0 pair of gloves
MR       ++...                  (no boots)
Stlth    ..........             (no amulet)
HPRegen  0.22/turn              e - ring of see invisible
MPRegen  0.12/turn              b - ring of protection from magic

@: mighty, resistant (expiring), gold aura
A: no food or potions, fire vulnerability, cold resistance 1, negative energy
resistance 3, torment resistance, unbreathing
a: Potion Petition, Call Merchant, Bribe Branch, Renounce Religion


You were on level 7 of the Dungeon.
You worshipped Gozag.
Gozag was pleased with you.
You were not hungry.

You visited 2 branches of the dungeon, and saw 9 of its levels.

You collected 718 gold pieces.
You paid 126 gold pieces to Gozag.

Inventory:

Hand Weapons
 a - a +0 quarterstaff (weapon)
 l - a +1 whip of freezing
 s - the +4 flail "Hetzuff" {flame, *Slow Str+2 Dex+3}
   (You found it on level 7 of the Dungeon)

   It has been specially enchanted to burn those struck by it, causing extra
   injury to most foes and up to half again as much damage against particularly
   susceptible opponents.
   It affects your strength (+2).
   It affects your dexterity (+3).
   It may slow you when you take damage.
Missiles
 d - a throwing net (quivered)
 p - 5 exploding tomahawks
 t - 3 tomahawks
Armour
 c - a +0 helmet (worn)
 f - a +0 ring mail
 g - a +0 chain mail
 v - +0 steam dragon scales
 x - a +0 plate armour (worn)
 z - a +0 pair of gloves (worn)
Magical Staves
 w - an uncursed staff of wizardry
Jewellery
 b - a ring of protection from magic (right hand)
 e - a ring of see invisible (left hand)
Wands
 h - a wand of disintegration (12)
 o - a wand of paralysis (20)
 q - a wand of polymorph (13)
 y - a wand of enslavement (13)
Scrolls
 i - 7 scrolls of remove curse
 j - 6 scrolls of teleportation
 k - a scroll of magic mapping
 m - 4 scrolls of amnesia
 n - 4 scrolls of immolation
 r - a scroll of fog {unknown}
 u - a scroll of identify
 A - a scroll of blinking {unknown}


   Skills:
 + Level 8.9 Fighting
 + Level 7.7 Staves
 - Level 1.5 Throwing
 - Level 2.4 Dodging
 + Level 3.2 Evocations


You had 8 spell levels left.
You didn't know any spells.

Dungeon Overview and Level Annotations

Branches:
Dungeon (8/15)             Temple (1/1) D:5            Lair (0/6) D:8

Altars:
Ashenzari
Cheibriados
Dithmenos
Elyvilon
Fedhas
Gozag
Hepliaklqana
Kikubaaqudgha
Makhleb
Nemelex Xobeh
Okawaru
Qazlal
Ru
Sif Muna
Trog
Uskayaw
Vehumet
Wu Jian
Xom
Yredelemnul
Zin
The Shining One

Shops:
D:6 [   D:7 !


Innate Abilities, Weirdness & Mutations

You do not eat or drink.
Your flesh is vulnerable to fire.
You are immune to poison.
Your flesh is cold resistant. (rC+)
You are immune to negative energy. (rN+++)
You are immune to unholy pain and torment.
You can survive without breathing.


Message History

The warg bites you!
* * * LOW HITPOINT WARNING * * *
You closely miss the warg.
The warg is severely wounded.
The warg bites you but does no damage.
You bludgeon the warg!!
You kill the warg!
You sock the orc!
You kill the orc!
You closely miss the warg.
You feel a little less agile now. The warg bites you but does no damage.
You sock the warg!
The warg is moderately wounded.
You start to feel less resistant.
The warg bites you.
* * * LOW HITPOINT WARNING * * *
The warg bites you.
You die...
Your body crumbles into a pile of gold.

#### ###### ...# ##....#
...# #..##.##
...####.##...##
.......##.....## ####
.%.###.#.......###..#######
(..##......_..............#
...##.##.......#..#.......#
.....[###.....##@#........#
.).#### ##...##h#..)......#
...# ##.##$o#.##..#####
..#### ####>.#>......##
.....###....##.#.#####
####.............#
#.∩.#........##
#...........##
#.#.........#


You could see a warg and an orc.

Vanquished Creatures
  Pikel (D:4)
  2 wargs (D:7)
  A water moccasin (D:8)
  A sky beast (D:5)
  An ice beast (D:7)
  3 ogres
  A bullfrog (D:7)
  4 scorpions
  4 wights (D:8)
  2 vampire bats (D:4)
  2 howler monkeys
  2 crimson imps (D:6)
  3 hounds
  2 jellies (D:7)
  4 orc wizards
  5 orc priests
  An iguana (D:4)
  5 worker ants
  A worker ant zombie (D:6)
  4 gnolls (D:7)
  11 adders
  A shadow imp (D:7)
  An ooze (D:3)
  An adder zombie (D:7)
  4 worms
  An adder skeleton (D:5)
  4 dart slugs
  2 leopard geckos (D:3)
  23 orcs
  4 giant cockroaches
  7 goblins
  9 hobgoblins
  3 jackals (D:3)
  8 kobolds
  6 quokkas
  2 ball pythons
  13 bats
  2 frilled lizards (D:3)
  A quokka zombie (D:4)
  2 rats
154 creatures vanquished.

Notes
Turn   | Place    | Note
-------+----------+-------------------------------------------
     0 | D:1      | grindst0ne the Mummy Gladiator began the quest for the Orb.
     0 | D:1      | Reached XP level 1. HP: 16/16 MP: 1/1
   154 | D:1      | Reached XP level 2. HP: 23/23 MP: 2/2
   520 | D:1      | Reached XP level 3. HP: 28/28 MP: 3/3
   828 | D:2      | Reached skill level 3 in Fighting
  1066 | D:2      | Reached XP level 4. HP: 32/35 MP: 4/4
  1295 | D:2      | Found a bloodstained altar of Trog.
  1295 | D:2      | Found a sparkling altar of Nemelex Xobeh.
  1696 | D:3      | Found a deep blue altar of Sif Muna.
  2069 | D:3      | Reached skill level 4 in Fighting
  2069 | D:3      | Reached XP level 5. HP: 27/42 MP: 5/5
  2298 | D:3      | Found a glowing silver altar of Zin.
  2813 | D:3      | Reached XP level 6. HP: 49/49 MP: 6/6
  3496 | D:4      | Reached skill level 5 in Fighting
  3547 | D:4      | Found the +4 Vampire's Tooth {vamp}
  3812 | D:4      | Reached skill level 5 in Staves
  3817 | D:4      | Reached XP level 7. HP: 20/57 MP: 7/7
  4040 | D:4      | Noticed Pikel
  4058 | D:4      | Killed Pikel
  4058 | D:4      | Reached skill level 6 in Fighting
  4058 | D:4      | Reached XP level 8. HP: 54/65 MP: 8/8
  4175 | D:4      | Reached skill level 7 in Fighting
  4366 | D:5      | Entered Level 5 of the Dungeon
  4412 | D:5      | Found a staircase to the Ecumenical Temple.
  4426 | Temple   | Entered the Ecumenical Temple
  4932 | D:5      | Found a basalt altar of Yredelemnul.
  4932 | D:5      | Found a stormy altar of Qazlal.
  5657 | D:6      | Found an opulent altar of Gozag.
  5677 | D:6      | Became a worshipper of Gozag Ym Sagoz the Greedy
  5722 | D:6      | Found a shattered altar of Ashenzari.
  5914 | D:6      | Found Tommutoim's Armour Shop.
  6122 | D:6      | Found a sacrificial altar of Ru.
  6476 | D:7      | Reached skill level 8 in Fighting
  6476 | D:7      | Reached skill level 1 in Evocations
  6615 | D:7      | Got a transparent flail
  6621 | D:7      | Identified the +4 flail "Hetzuff" {flame, *Slow Str+2 Dex+3} (You found it on level 7 of the Dungeon)
  6913 | D:7      | Found Avemiuw's Distillery.
  6960 | D:7      | Found a shadowy altar of Dithmenos.
  7112 | D:7      | Reached XP level 9. HP: 27/75 MP: 10/10
  8001 | D:8      | Found a staircase to the Lair.
  8265 | D:7      | HP: 3/75 [warg (11)]
  8309 | D:7      | Slain by a warg

Vault maps used:
D:1:      lightli_arrival_maybe_door_vault, minmay_misc_feat_secret_circle
D:2:      gammafunk_temple_overflow_wave
D:3:      zin_treasury, lemuel_blue_sif_altar, first_ration,
          minmay_misc_feat_roman
D:4:      serial_forest, infiniplex_forest_straight_2,
          infiniplex_forest_lined_room_2, infiniplex_forest_lined_room_2,
          infiniplex_forest_lined_room_3, infiniplex_forest_end_double,
          grunt_ministairs_8, minmay_guarded_unrand_vampires_tooth, uniq_pikel
D:5:      gammafunk_temple_overflow_elements,
          minmay_temple_entry_statues_pillars, grunt_ministairs_13
D:6:      nicolae_gozag_cash_rules_everything_around_me,
          nicolae_ru_path_of_blood, serial_shops, nicolae_shop_stone,
          basic_altar, minivault_11
D:7:      lemuel_round_altar, serial_shops, nicolae_shop_stone
D:8:      erik_lair_orcish_takeover, grunt_livestock
Temple:   nicolae_temple_god_jail

Skill      XL: |  1  2  3  4  5  6  7  8  9 |
---------------+----------------------------+-----
Staves         | 3 4 5 6 7 |  7.7
Fighting       | 3 4 5 6 8 |  8.9
Evocations     | 2 3 |  3.2
Throwing       | |  1.5
Dodging        | |  2.4

Action                   |  1- 3 |  4- 6 |  7- 9 || total
-------------------------+-------+-------+-------++-------
Melee: Quarterstaff      |   102 |   255 |   330 ||   687
Throw: Throwing net      |       |       |     4 ||     4
Invok: Potion Petition   |       |       |     1 ||     1
  Use: Scroll            |       |     3 |     2 ||     5
 Stab: Held in net/web   |       |       |     1 ||     1
Armor: Ring mail         |    13 |       |       ||    13
       Chain mail        |    40 |   224 |   107 ||   371
       Plate armour      |       |       |    55 ||    55
Dodge: Dodged            |    59 |   158 |   129 ||   346

Table legend:
 A = Spawn XP
 B = Non-spawn XP
 C = Spawn XP percentage of total XP
 D = Spawn monster count
 E = Non-spawn monster count
 F = Spawn count percentage of total count
 G = Total turns spent on level
                    A         B        C        D         E        F      G
               +---------+---------+-------+---------+---------+-------+---------
         Total |       0 |    3893 |   0.0 |       0 |     154 |   0.0 |  8309
               +---------+---------+-------+---------+---------+-------+---------
           D:1 |       0 |      42 |   0.0 |       0 |      23 |   0.0 |   714
           D:2 |       0 |      75 |   0.0 |       0 |      19 |   0.0 |   613
           D:3 |       0 |     248 |   0.0 |       0 |      29 |   0.0 |  1850
           D:4 |       0 |    1208 |   0.0 |       0 |      29 |   0.0 |  1189
           D:5 |       0 |     269 |   0.0 |       0 |       6 |   0.0 |   896
           D:6 |       0 |     348 |   0.0 |       0 |      12 |   0.0 |  1114
           D:7 |       0 |    1180 |   0.0 |       0 |      27 |   0.0 |  1612
           D:8 |       0 |     523 |   0.0 |       0 |       9 |   0.0 |   249
               +---------+---------+-------+---------+---------+-------+---------
